 Dungeon Crawl Stone Soup version 0.30-a0-930-gb9d0489357 (webtiles) character file.

Game seed: 18392897489467811831

4321 12sPaWn12 the Fighter (level 10, -2/107 (114) HPs)
             Began as an Ogre Berserker on Mar 23, 2023.
             Was a High Priest of Trog.
             Slain by a wraith (7 damage)
             ... on level 6 of the Dungeon.
             The game lasted 00:20:20 (7306 turns).

12sPaWn12 the Fighter (Ogre Berserker)              Turns: 7306, Time: 00:20:21

HP:   -2/107 (114)  AC:  4    Str: 27    XL:     10   Next: 33%
MP:   10/10         EV: 11    Int:  8    God:    Trog [*****.]
Gold: 422           SH:  0    Dex:  8    Spells: 9/9 levels left

rFire   . . .      SeeInvis .    s - +1 whip (flame)
rCold   . . .      Faith    .    (no shield)
rNeg    . . .      Spirit   .    b - +0 animal skin
rPois   .          Reflect  .    (helmet restricted)
rElec   .          Rampage  .    l - +0 cloak
rCorr   .                        (gloves unavailable)
Will    +....                    (boots unavailable)
Stlth   +                        g - amulet of regeneration
HPRegen 1.17/turn                e - ring of flight
MPRegen 0.12/turn                (no ring)

@: flying, slowed, drained, very slow
A: large, unfitting armour, tough skin 1
a: Renounce Religion, Berserk, Trog's Hand, Brothers in Arms


You were on level 6 of the Dungeon.
You worshipped Trog.
Trog was extremely pleased with you.
You visited 2 branches of the dungeon, and saw 7 of its levels.
You also visited: Sewer.

You collected 422 gold pieces.

Inventory:

Hand Weapons
 i - a +2 flail of holy wrath
 s - a +1 whip of flaming (weapon)
 t - a +0 giant club
Armour
 b - a +0 animal skin (worn)
 l - a +0 cloak (worn)
Jewellery
 e - a ring of flight (left hand)
 f - a ring of fire
 g - an amulet of regeneration (around neck)
 n - an amulet of the acrobat
 o - a ring of protection from cold
Wands
 w - a wand of roots (9)
Scrolls
 d - 4 scrolls of fog
 h - a scroll of enchant armour
 j - 3 scrolls of poison
 k - 2 scrolls of enchant weapon {unknown}
 r - a scroll of vulnerability
 u - a scroll of identify
 x - a scroll of teleportation
Potions
 a - a potion of berserk rage
 c - 2 potions of magic
 m - 2 potions of heal wounds
 p - 4 potions of flight
 q - a potion of haste
 v - 2 potions of attraction


   Skills:
 * Level 11.3 Fighting
 * Level 8.8(9.1) Maces & Flails
 * Level 3.2(6.9) Staves
 * Level 5.8 Armour
 * Level 8.1 Dodging
 * Level 1.3 Evocations


You had 9 spell levels left.
You didn't know any spells.
Your spell library was empty.

Dungeon Overview and Level Annotations

Branches:
Dungeon (6/15)             Temple (1/1) D:4           Sewer (visited)

Altars:
Ashenzari
Cheibriados
Dithmenos
Elyvilon
Gozag
Hepliaklqana
Makhleb
Nemelex Xobeh
Okawaru
Qazlal
Ru
Sif Muna
Trog
Vehumet
Wu Jian
Xom
The Shining One

Shops:
D:4 !(*   D:6 *


Innate Abilities, Weirdness & Mutations

You are too large for most types of armour.
You have tough skin. (AC +1)


Message History

You barely miss the wraith.
The wraith is moderately damaged.
The wraith hits you.
* * * LOW HITPOINT WARNING * * *
The wraith drains your vigour!
You feel as though you will be slow longer.
You hit the wraith but do no damage.
The wraith is moderately damaged.
The wraith hits you!
* * * LOW HITPOINT WARNING * * *
The wraith drains your vigour!
You feel as though you will be slow longer.
You hit the wraith. You burn the wraith.
The wraith is moderately damaged.
The wraith hits you!
* * * LOW HITPOINT WARNING * * *
You barely miss the wraith.
The wraith is moderately damaged.
The wraith hits you.
* * * LOW HITPOINT WARNING * * *
The wraith attacks as you move away! The wraith closely misses you.
The wraith hits you.
* * * LOW HITPOINT WARNING * * *
The wraith drains your vigour!
You feel as though you will be slow longer.
The wraith attacks as you move away! The wraith hits you but does no damage.
You barely miss the wraith.
The wraith is moderately damaged.
The wraith hits you.
* * * LOW HITPOINT WARNING * * *
You hit the wraith but do no damage.
The wraith is moderately damaged.
The wraith hits you!
* * * LOW HITPOINT WARNING * * *
The wraith drains your vigour!
You feel as though you will be slow longer.
You hit the wraith but do no damage. You punch the wraith.
The wraith is moderately damaged.
The wraith hits you!
You die...

##############
#..@W.........
#.###.†.......
#.# #.........
#.# #.........
#.# #.........
#.# ##....####
#.###>......
#...#.##[##.
####.# #..


You could see a wraith.

Vanquished Creatures
  Pikel (D:6)
  The ghost of valliere the Covert, a novice SpEn of Uskayaw (D:6)
  A kobold demonologist (D:6)
  The ghost of soul19 the Trooper, an amateur DsFi (D:4)
  The ghost of cforsyth the Shield-Bearer, an amateur HuFi (D:4)
  The ghost of SoulCrusher669 the Slasher, an amateur DsGl (D:4)
  Eustachio (D:5)
  Menkaure (D:4)
  Edmund (D:5)
  The ghost of baller8008 the Conjurer, an amateur DECj of Sif Muna (D:4)
  The ghost of xian the Covert, an amateur SpDe of Okawaru (D:3)
  An ice beast (D:5)
  An ogre (D:6)
  A phantom (D:4)
  A bullfrog (D:6)
  2 kobold brigands (D:6)
  4 scorpions
  A vampire bat (D:3)
  A howler monkey (D:6)
  A jelly (D:6)
  A water moccasin simulacrum (D:3)
  3 hounds
  An orc priest (D:5)
  A sleepcap (D:5)
  2 iguanas (D:6)
  An orc wizard (D:5)
  A sickly merfolk siren (Sewer)
  A malarious merfolk avatar (Sewer)
  A scorpion simulacrum (D:3)
  7 gnolls
  9 adders
  2 river rats (Sewer)
  3 ufetubi
  3 worms
  2 dart slugs
  3 fire bats (D:3)
  2 adder simulacra (D:3)
  4 orcs
  2 spectral bats (D:3)
  13 ball pythons
  12 bats
  3 bat skeletons (D:3)
  A bat zombie (D:3)
  7 endoplasms
  6 giant cockroaches
  7 goblins
  5 hobgoblins
  5 jackals
  11 quokkas
  A ball python simulacrum (D:3)
  A bat simulacrum (D:3)
  2 frilled lizards
  5 kobolds
  30 rats
182 creatures vanquished.

Vanquished Creatures (collateral kills)
  An adder (D:2)
  A goblin (D:2)
2 creatures vanquished.

Vanquished Creatures (others)
  The ghost of bigduke15 the Magician, an amateur DEAE (D:4)
1 creature vanquished.

Grand Total: 185 creatures vanquished

Notes
Turn   | Place    | Note
-------+----------+-------------------------------------------
     0 | D:1      | 12sPaWn12 the Ogre Berserker began the quest for the Orb.
     0 | D:1      | Reached XP level 1. HP: 24/24 MP: 1/1
   227 | D:1      | Reached XP level 2. HP: 32/32 MP: 2/2
   680 | D:2      | Reached XP level 3. HP: 19/40 MP: 3/3
   795 | D:2      | Found a glowing golden altar of the Shining One.
  1507 | D:2      | Reached ** piety under Trog
  1508 | D:2      | Reached XP level 4. HP: 40/49 MP: 4/4
  1870 | D:3      | Found a runed translucent gate.
  1881 | D:3      | Found a runed translucent gate.
  1882 | D:3      | Found a runed translucent gate.
  1943 | D:3      | Found an ornate altar of the Wu Jian Council.
  2022 | D:3      | Reached skill level 5 in Fighting
  2104 | D:3      | Noticed xian's ghost (amateur SpDe)
  2156 | D:3      | Found an iron altar of Okawaru.
  2274 | D:3      | Reached skill level 1 in Staves
  2274 | D:3      | Reached XP level 5. HP: 57/57 MP: 5/5
  2410 | D:3      | Reached skill level 1 in Armour
  2601 | D:3      | Reached XP level 6. HP: 29/66 MP: 6/6
  2643 | D:3      | Killed xian's ghost
  2713 | D:3      | Reached *** piety under Trog
  2792 | D:4      | Reached XP level 7. HP: 51/74 MP: 7/7
  2816 | D:4      | Found a runed translucent gate.
  2816 | D:4      | Found a runed translucent gate.
  2816 | D:4      | Found a runed translucent gate.
  2819 | D:4      | Noticed SoulCrusher669's ghost (amateur DsGl)
  2819 | D:4      | Noticed baller8008's ghost (amateur DECj)
  2820 | D:4      | Noticed bigduke15's ghost (amateur DEAE)
  2820 | D:4      | Noticed cforsyth's ghost (amateur HuFi)
  2820 | D:4      | Noticed soul19's ghost (amateur DsFi)
  2880 | D:4      | Found a staircase to the Ecumenical Temple.
  2895 | D:4      | Reached skill level 6 in Fighting
  2911 | Temple   | Entered the Ecumenical Temple
  3079 | D:4      | Noticed Menkaure
  3195 | D:4      | Killed Menkaure
  3400 | D:4      | Found Tekiesch's Distillery.
  3436 | D:4      | Found Gierigh's Weapon Shop.
  3711 | D:4      | Found Hichox's Assorted Antiques.
  3858 | D:4      | Reached skill level 10 in Fighting
  3858 | D:4      | Reached skill level 5 in Armour
  3858 | D:4      | Reached XP level 8. HP: 94/94 MP: 8/8
  3948 | D:5      | Entered Level 5 of the Dungeon
  4176 | D:5      | Noticed Eustachio
  4277 | D:5      | Killed Eustachio
  4384 | D:5      | Reached XP level 9. HP: 78/102 MP: 9/9
  4478 | D:5      | Found a glowing drain.
  4485 | Sewer    | Entered a sewer
  4520 | Sewer    | Reached **** piety under Trog
  4984 | D:5      | Found a stormy altar of Qazlal.
  4985 | D:5      | Found a white marble altar of Elyvilon.
  4986 | D:5      | Found a snail-covered altar of Cheibriados.
  5117 | D:5      | Noticed Edmund
  5299 | D:4      | Killed cforsyth's ghost
  5311 | D:4      | Killed soul19's ghost
  5434 | D:4      | Killed bigduke15's ghost
  5579 | D:4      | Killed baller8008's ghost
  5914 | D:5      | Killed Edmund
  6222 | D:4      | Killed SoulCrusher669's ghost
  6409 | D:6      | Noticed Pikel
  6432 | D:6      | Killed Pikel
  6433 | D:6      | Reached skill level 11 in Fighting
  6500 | D:6      | Noticed a kobold demonologist
  6524 | D:6      | Noticed a smoke demon
  6640 | D:6      | Noticed a red devil
  6641 | D:6      | Killed a kobold demonologist
  6642 | D:6      | Reached skill level 1 in Evocations
  6642 | D:6      | Reached XP level 10. HP: 41/113 MP: 10/10
  6765 | D:6      | Found a runed translucent door.
  6765 | D:6      | Noticed valliere's ghost (novice SpEn)
  6798 | D:6      | Killed valliere's ghost
  7098 | D:6      | Found Wachib's General Store.
  7106 | D:6      | Reached ***** piety under Trog
  7305 | D:6      | HP: 4/107 [wraith (8)]
  7306 | D:6      | Slain by a wraith

Illustrated notes

Levels and vault maps discovered:
D:1:      minmay_arrival_floating_metal, layout_rooms, minmay_misc_feat_pillars
D:2:      wander_river, layout_basic, basic_altar, chequers_jeans
D:3:      layout_loops_ring, nicolae_wu_jian_wuxing_cycle,
          kennysheep_okawaru_gauntlet, gammafunk_ghost_icy, goddamned_bats
D:4:      layout_loops_ring, temple_pool_b, serial_shops,
          nicolae_shop_hallway_plus, shop, nicolae_shop_behind_doors,
          gammafunk_ghost_cemetery, uniq_menkaure
D:5:      layout_basic, chequers_temple_overflow_statue_of_worship,
          gup_sewer_entry_bubbles, uniq_eustachio, uniq_edmund
D:6:      layout_basic, serial_shops, nicolae_shop_trees, ebering_ghost_sewer_d,
          uniq_pikel
Temple:   nicolae_temple_bog_church

Skill      XL: |  1  2  3  4  5  6  7  8  9 10 |
---------------+-------------------------------+-----
Maces & Flails | 3 4 7 8 |  8.8
Dodging        | 3 4 7 8 |  8.1
Fighting       | 5 10 11 | 11.3
Staves         | 1 2 3 |  3.2
Armour         | 1 5 |  5.8
Evocations     | 1 |  1.3

Action                     |  1- 3 |  4- 6 |  7- 9 | 10-12 || total
---------------------------+-------+-------+-------+-------++-------
  Melee: Mace              |    78 |   239 |   475 |       ||   792
         Punch             |       |     2 |     3 |     2 ||     7
         Whip              |       |       |    54 |   148 ||   202
         Flail             |       |       |    24 |       ||    24
    Use: Scroll            |     7 |     5 |     9 |       ||    21
         Potion            |       |     3 |     6 |       ||     9
 Armour: Animal skin       |    18 |   159 |   179 |    19 ||   375
         Skin              |       |       |    13 |       ||    13
  Dodge: Dodged            |    31 |   223 |   296 |    62 ||   612

Table legend: (Time is in decaauts)
 A = Elapsed time spent in this place.
 B = Non-inter-level travel time spent in this place.
 C = Inter-level travel time spent in this place.
 D = Time resting spent in this place.
 E = Time spent auto-exploring this place.
 F = Levels seen in this place.
 G = Mean time per level.
                   A        B        C        D        E       F      G
               +--------+--------+--------+--------+--------+-----+--------+
         Total |   7315 |   6780 |    535 |      0 |   4866 |   8 |  914.4 |
       Dungeon |   6652 |   6142 |    510 |      0 |   4448 |   6 | 1108.7 |
        Temple |    258 |    233 |     25 |      0 |    213 |   1 |  258.0 |
         Sewer |    405 |    405 |      0 |      0 |    205 |   1 |  405.0 |
               +--------+--------+--------+--------+--------+-----+--------+

Top non-repeatable levels by time:
     D:4: 1579 daAuts
     D:5: 1365 daAuts
     D:3: 1133 daAuts
     D:2: 1103 daAuts
     D:6: 797 daAuts
     D:1: 674 daAuts
   Sewer: 405 daAuts
  Temple: 258 daAuts
